 Dungeon Crawl Stone Soup version 0.29.0-4-gdea44cf6ec (webtiles) character file.

Game seed: 9265495805976292222

11526 qw the Severer (level 11, -2/99 HPs)
             Began as a Minotaur Berserker on Sept 9, 2022.
             Was an Elder of Trog.
             Shot with an arrow by a centaur (5 damage)
             ... on level 1 of the Lair of Beasts.
             The game lasted 00:03:38 (10487 turns).

qw the Severer (Minotaur Berserker)                Turns: 10487, Time: 00:03:38

Health: -2/99      AC: 17    Str: 26    XL:     11   Next: 50%
Magic:  10/10      EV:  8    Int:  4    God:    Trog [****..]
Gold:   306        SH:  7    Dex: 10    Spells: 10/10 levels left

rFire   . . .      SeeInvis .   Y - +0 war axe
rCold   + . .      Faith    .   n - +2 buckler
rNeg    . . .      Spirit   .   g - +0 plate armour
rPois   .          Reflect  .   (helmet restricted)
rElec   .          Harm     .   d - +0 cloak
rCorr   .          Rampage  .   k - +1 pair of gloves
Will    .....                   (no boots)
Stlth   ..........              (no amulet)
HPRegen 0.26/turn               b - ring of protection from cold
MPRegen 0.12/turn               (no ring)

@: no status effects
A: horns 2, retaliatory headbutt
a: Renounce Religion, Berserk, Trog's Hand, Brothers in Arms


You were on level 1 of the Lair of Beasts.
You worshipped Trog.
Trog was greatly pleased with you.
You visited 2 branches of the dungeon, and saw 9 of its levels.

You collected 534 gold pieces.
You spent 228 gold pieces at shops.


Innate Abilities, Weirdness & Mutations

You have a pair of horns on your head.
You reflexively headbutt those who attack you in melee.


   Skills:
 - Level 10.0 Fighting
 - Level 16.0 Axes
 - Level 3.0 Throwing
 - Level 9.1 Armour
 - Level 3.3 Dodging
 + Level 6.5 Shields


You had 10 spell levels left.
You didn't know any spells.
Your spell library was empty.

Inventory:

Hand Weapons
 j - a +0 morningstar
 Y - a +0 war axe (weapon)
Missiles
 c - a silver boomerang (quivered)
 o - 3 boomerangs
Armour
 d - a +0 cloak (worn)
 g - a +0 plate armour (worn)
 k - a +1 pair of gloves (worn)
 n - a +2 buckler (worn)
 q - a +0 pair of boots
Jewellery
 a - a ring of ice
 b - a ring of protection from cold (left hand)
Scrolls
 i - 10 scrolls of identify
Potions
 e - 2 potions of mutation
 f - 3 potions of might
 m - a potion of curing
 r - a potion of resistance

Dungeon Overview and Level Annotations

Branches:
Dungeon (8/15)             Temple (0/1) D:5            Lair (1/5) D:8

Altars:
Wu Jian

Shops:
D:2 (   D:3 ?   D:4 =   D:5 ?

Annotations:
D:4 1 runed translucent door, qw's ghost, novice BaCK
D:5 1 runed translucent door, Crazy Yiuf; Pikel
D:7 3 runed translucent doors, qw's ghost, novice DsCA


Message History

The centaur shoots an arrow.
The arrow hits you.
The centaur shoots an arrow.
The arrow hits you but does no damage.
The centaur shoots an arrow.
The arrow hits you but does no damage.
The centaur shoots an arrow.
The arrow hits you.
The centaur shoots an arrow.
The arrow hits you but does no damage.
The centaur shoots an arrow.
The arrow barely misses you.
The centaur shoots an arrow.
The arrow hits you but does no damage.
The centaur shoots an arrow.
The arrow closely misses you.
The centaur shoots an arrow.
The arrow hits you!
The centaur shoots an arrow.
The arrow hits you but does no damage.
The centaur shoots an arrow.
You block the arrow.
The centaur shoots an arrow.
You block the arrow.
The centaur shoots an arrow.
The arrow hits you.
The centaur shoots an arrow.
You block the arrow.
The centaur shoots an arrow.
The arrow hits you but does no damage.
The centaur shoots an arrow.
The arrow hits you but does no damage.
The centaur shoots an arrow.
The arrow hits you.
The centaur shoots an arrow.
You block the arrow.
The centaur shoots an arrow.
The arrow hits you.
The centaur shoots an arrow.
The arrow misses you.
The centaur shoots an arrow.
You block the arrow.
The centaur shoots an arrow.
The arrow hits you but does no damage.
The centaur shoots an arrow.
The arrow hits you but does no damage.
The centaur shoots an arrow.
The arrow hits you.
The centaur shoots an arrow.
The arrow closely misses you.
The centaur shoots an arrow.
You block the arrow.
The centaur shoots an arrow.
The arrow barely misses you.
The centaur shoots an arrow.
The arrow hits you but does no damage.
The centaur shoots an arrow.
The arrow hits you.
The centaur shoots an arrow.
You block the arrow.
The centaur shoots an arrow.
The arrow hits you.
The centaur shoots an arrow.
The arrow hits you but does no damage.
The centaur shoots an arrow.
The arrow barely misses you.
The centaur shoots an arrow.
The arrow hits you but does no damage.
The centaur shoots an arrow.
You block the arrow.
The centaur shoots an arrow.
The arrow barely misses you.
The centaur shoots an arrow.
The arrow closely misses you.
The centaur shoots an arrow.
You block the arrow.
The centaur shoots an arrow.
The arrow hits you.
You die...

#.##....# ##...#########.
#'###...# #....##.######.
......### #####.............
......# ~ #.................
......# ~~# #.................
......# #~~~###.................
......# .~~~~~..)....#####...#P.
##..P## .~~~~~...)....# #.####.
##.### _~~~~~.@##....####.## #.
.....# .~~~~~)###....##....###.
.....# .~~~c~. ##...###....##..
.....# ##~~~~. #....# #....###.
.....# #~~~### ##...# #....###.
.....# ~~~# #...###....'...
.....####### #....#####'##..
#######.# ##...######.P##.
#.#####.##########P...###..#.###.


You could see a centaur.

Vanquished Creatures
  Fannar (Lair:1)
  3 death yaks (D:8)
  Maggie (D:8)
  A komodo dragon (Lair:1)
  A rime drake (Lair:1)
  Prince Ribbit (D:6)
  2 wyverns
  16 yaks
  Eustachio (D:5)
  2 basilisks (Lair:1)
  A steam dragon (D:8)
  Menkaure (D:5)
  Edmund (D:4)
  Duvessa (D:4)
  3 water moccasins
  2 ice beasts
  3 orc warriors
  A black bear (D:7)
  6 centaurs
  4 ogres (D:5)
  7 wolves (Lair:1)
  2 phantoms
  A kobold brigand (D:8)
  3 bullfrogs
  2 necrophages
  A gnoll sergeant (D:5)
  6 scorpions
  Dowan (D:4)
  13 wights
  2 howler monkeys
  A hound (D:4)
  A jelly (D:8)
  2 gnoll boudas (D:8)
  An orc priest (D:8)
  2 iguanas
  Terence (D:3)
  Natasha (D:3)
  2 orc wizards
  Ijyb (D:3)
  4 hell rats (Lair:1)
  16 gnolls
  A river rat (D:8)
  13 adders
  A white imp (D:5)
  An ufetubus (D:7)
  2 worms (D:2)
  A dart slug (D:1)
  15 orcs
  7 endoplasms
  2 giant cockroaches
  10 goblins
  4 hobgoblins
  2 quokkas
  4 ball pythons
  7 bats
  4 frilled lizards
  13 kobolds
  7 rats
216 creatures vanquished.

Vanquished Creatures (others)
  4 fungi (Lair:1)
  4 plants (Lair:1)
8 creatures vanquished.

Grand Total: 224 creatures vanquished

Notes
Turn   | Place    | Note
-------+----------+-------------------------------------------
     0 | D:1      | qw the Minotaur Berserker began the quest for the Orb.
     0 | D:1      | Reached XP level 1. HP: 19/19 MP: 0/0
     0 | D:1      | 0 ||| qw: Version: 0.1-a-113-g051387a
     0 | D:1      | 0 ||| qw: Game counter: 6974
     0 | D:1      | 0 ||| qw: Always use a shield: true
     0 | D:1      | 0 ||| qw: Do Orc after D:15 true
     0 | D:1      | 0 ||| qw: Do second Lair branch before Depths: true
     0 | D:1      | 0 ||| qw: Lair rune preference: random
     0 | D:1      | 0 ||| qw: Plans: Normal
     0 | D:1      | 0 ||| PLANNING D:1-11
   145 | D:1      | Reached skill level 4 in Axes
   234 | D:1      | Reached XP level 2. HP: 26/26 MP: 1/1
   236 | D:1      | 236 ||| DROPPING +0 club.
   263 | D:1      | Found a faded altar of an unknown god.
   307 | D:1      | 307 ||| Stepping ~*~*~tactically~*~*~ (stealth).
   309 | D:1      | 309 ||| Stepping ~*~*~tactically~*~*~ (stealth).
   311 | D:1      | 311 ||| Stepping ~*~*~tactically~*~*~ (stealth).
   394 | D:1      | 394 ||| Stepping ~*~*~tactically~*~*~ (hiding).
   855 | D:1      | 855 ||| UPGRADING to +0 leather armour.
   865 | D:1      | 865 ||| DROPPING +0 animal skin.
   866 | D:1      | 866 ||| UPGRADING to +0 pair of gloves.
   871 | D:1      | 871 ||| READING scroll labelled KIADYRCHAMIU.
   872 | D:1      | 872 ||| READING 2 scrolls labelled KONAUCL MUIS.
   968 | D:2      | Reached skill level 5 in Axes
   988 | D:2      | Reached ** piety under Trog
  1019 | D:2      | 1019 ||| INVOKING Berserk.
  1024 | D:2      | Reached XP level 3. HP: 31/31 MP: 2/2
  1219 | D:2      | 1219 ||| Stepping ~*~*~tactically~*~*~ (stealth).
  1220 | D:2      | 1220 ||| Stepping ~*~*~tactically~*~*~ (stealth).
  1221 | D:2      | 1221 ||| Stepping ~*~*~tactically~*~*~ (stealth).
  1306 | D:2      | 1306 ||| Stepping ~*~*~tactically~*~*~ (stealth).
  1430 | D:2      | 1430 ||| INVOKING Berserk.
  1626 | D:2      | Found Hialeuc's Weapon Boutique.
  1634 | D:2      | 1634 ||| SHOPLISTING +4 hand axe of electrocution (413
                  | gold, have 114).
  1689 | D:2      | 1689 ||| UPGRADING to +0 scale mail.
  1699 | D:2      | 1699 ||| DROPPING +0 leather armour.
  1700 | D:2      | 1700 ||| DROPPING scarf of shadows.
  1701 | D:2      | 1701 ||| UPGRADING to ring of protection from cold.
  1702 | D:2      | 1702 ||| READING scroll labelled MOEMESA REVA.
  1703 | D:2      | 1703 ||| READING scroll labelled QATIAV SAESKY.
  1704 | D:2      | 1704 ||| READING scroll labelled MEMEIS HUP BESM.
  1705 | D:2      | 1705 ||| DRINKING 2 cyan potions.
  1706 | D:2      | 1706 ||| DROPPING potion of flight.
  1795 | D:3      | Found Wuhaczetio's Magic Scroll Emporium.
  1802 | D:3      | 1802 ||| BUYING scroll of identify (26 gold).
  1802 | D:3      | Bought a scroll of identify for 26 gold pieces
  1802 | D:3      | 1802 ||| BUYING scroll of identify (26 gold).
  1802 | D:3      | Bought a scroll of identify for 26 gold pieces
  1802 | D:3      | 1802 ||| BUYING scroll of identify (26 gold).
  1802 | D:3      | Bought a scroll of identify for 26 gold pieces
  1813 | D:3      | Noticed Natasha
  1814 | D:3      | 1814 ||| Stepping ~*~*~tactically~*~*~ (stealth).
  1819 | D:3      | 1819 ||| Stepping ~*~*~tactically~*~*~ (stealth).
  1858 | D:3      | 1858 ||| Stepping ~*~*~tactically~*~*~ (stealth).
  1859 | D:3      | 1859 ||| Stepping ~*~*~tactically~*~*~ (stealth).
  1868 | D:3      | Reached XP level 4. HP: 37/39 MP: 3/3
  1896 | D:3      | Reached skill level 6 in Axes
  1897 | D:3      | 1897 ||| INVOKING Berserk.
  1901 | D:3      | Killed Natasha
  2070 | D:3      | Noticed Ijyb
  2071 | D:3      | 2071 ||| INVOKING Berserk.
  2074 | D:3      | Killed Ijyb
  2232 | D:3      | 2232 ||| Stepping ~*~*~tactically~*~*~ (stealth).
  2351 | D:3      | Noticed Terence
  2354 | D:3      | 2354 ||| INVOKING Berserk.
  2357 | D:3      | Killed Terence
  2358 | D:3      | Reached skill level 7 in Axes
  2358 | D:3      | Reached XP level 5. HP: 45/45 MP: 4/4
  2371 | D:3      | 2371 ||| STAIRDANCE
  2473 | D:2      | 2473 ||| READING scroll labelled ILIFUPRU MIXT.
  2474 | D:2      | 2474 ||| READING scroll labelled TITOWN YREMATU.
  2474 | D:2      | Identified a scroll of acquirement
  2474 | D:2      | 2474 ||| ACQUIRING +3 mace of protection
  2474 | D:2      | Acquired a +3 mace of protection
  2476 | D:2      | 2476 ||| DROPPING +0 whip.
  2477 | D:2      | 2477 ||| DRINKING 3 smoky inky potions.
  2478 | D:2      | 2478 ||| READING 6 scrolls of identify.
  2478 | D:2      | 2478 ||| IDENTIFYING smoky blue potion
  2479 | D:2      | 2479 ||| READING 5 scrolls of identify.
  2479 | D:2      | 2479 ||| IDENTIFYING sedimented blue potion
  2480 | D:2      | 2480 ||| READING 4 scrolls of identify.
  2480 | D:2      | 2480 ||| IDENTIFYING inky potion
  2481 | D:2      | 2481 ||| DROPPING potion of brilliance.
  2482 | D:2      | 2482 ||| DROPPING potion of attraction.
  2712 | D:4      | 2712 ||| Stepping ~*~*~tactically~*~*~ (stealth).
  2759 | D:4      | Noticed a phantom
  2771 | D:4      | Killed a phantom
  2772 | D:4      | Reached XP level 6. HP: 46/53 MP: 5/5
  2866 | D:4      | 2866 ||| Stepping ~*~*~tactically~*~*~ (stealth).
  2876 | D:4      | Noticed Duvessa
  2877 | D:4      | Noticed Dowan
  2878 | D:4      | 2878 ||| Stepping ~*~*~tactically~*~*~ (stealth).
  2878 | D:4      | Noticed Edmund
  2879 | D:4      | 2879 ||| Stepping ~*~*~tactically~*~*~ (hiding).
  2880 | D:4      | 2880 ||| Stepping ~*~*~tactically~*~*~ (hiding).
  2881 | D:4      | 2881 ||| Stepping ~*~*~tactically~*~*~ (hiding).
  2883 | D:4      | 2883 ||| INVOKING Berserk.
  2889 | D:4      | Killed Duvessa
  2890 | D:4      | Reached skill level 8 in Axes
  2894 | D:4      | Killed Edmund
  2895 | D:4      | Reached skill level 9 in Axes
  2900 | D:4      | Killed Dowan
  2901 | D:4      | Reached XP level 7. HP: 44/60 MP: 6/6
  3049 | D:4      | 3049 ||| DROPPING +3 mace of protection.
  3500 | D:4      | Found Jushram's Jewellery Shoppe.
  3516 | D:4      | 3516 ||| SHOPLISTING +4 ring of protection (360 gold, have
                  | 144).
  3516 | D:4      | 3516 ||| SHOPLISTING +4 ring of slaying (780 gold, have
                  | 144).
  3516 | D:4      | 3516 ||| SHOPLISTING +6 ring of strength (360 gold, have
                  | 144).
  3516 | D:4      | 3516 ||| SHOPLISTING ring of poison resistance (200 gold,
                  | have 144).
  3547 | D:4      | Found a runed translucent door.
  3548 | D:4      | Noticed qw's ghost (novice BaCK)
  3868 | D:4      | 3868 ||| UPGRADING to +2 leather armour of poison
                  | resistance.
  3878 | D:4      | 3878 ||| READING scroll labelled XIRATS HULAORPH.
  3882 | D:4      | 3882 ||| READING 4 scrolls of identify.
  3882 | D:4      | 3882 ||| IDENTIFYING fuming purple potion
  3899 | D:5      | Entered Level 5 of the Dungeon
  3907 | D:5      | 3907 ||| STAIRDANCE
  3925 | D:5      | Reached *** piety under Trog
  3941 | D:5      | 3941 ||| INVOKING Berserk.
  3944 | D:5      | Reached skill level 1 in Throwing
  3956 | D:5      | 3956 ||| FLEEEEING.
  3957 | D:5      | 3957 ||| FLEEEEING.
  3968 | D:5      | Reached skill level 10 in Axes
  3968 | D:5      | 3968 ||| STAIRDANCE
  4164 | D:5      | 4164 ||| Stepping ~*~*~tactically~*~*~ (hiding).
  4181 | D:5      | 4181 ||| Stepping ~*~*~tactically~*~*~ (stealth).
  4202 | D:5      | Found a staircase to the Ecumenical Temple.
  4215 | D:5      | 4215 ||| Stepping ~*~*~tactically~*~*~ (stealth).
  4219 | D:5      | 4219 ||| INVOKING Berserk.
  4225 | D:5      | Reached skill level 6 in Fighting
  4225 | D:5      | Reached XP level 8. HP: 70/70 MP: 7/7
  4237 | D:5      | HP: 15/70 [gnoll sergeant/+0 trident (9)]
  4238 | D:5      | 4238 ||| DRINKING 4 potions of heal wounds.
  4260 | D:5      | 4260 ||| INVOKING Berserk.
  4263 | D:5      | Reached skill level 11 in Axes
  4504 | D:5      | Identified the +6 short sword "Huorhut" {flame, Str+4}
  4541 | D:5      | Noticed Eustachio
  4547 | D:5      | 4547 ||| INVOKING Berserk.
  4562 | D:5      | Killed Eustachio
  4583 | D:5      | 4583 ||| FLEEEEING.
  4586 | D:5      | 4586 ||| FLEEEEING.
  4693 | D:5      | 4693 ||| Stepping ~*~*~tactically~*~*~ (stealth).
  4694 | D:5      | 4694 ||| Stepping ~*~*~tactically~*~*~ (stealth).
  4695 | D:5      | 4695 ||| INVOKING Berserk.
  4698 | D:5      | Reached skill level 12 in Axes
  4781 | D:5      | Reached skill level 3 in Dodging
  4834 | D:5      | 4834 ||| READING scroll of enchant weapon.
  4834 | D:5      | 4834 ||| ENCHANTING +1 hand axe.
  5067 | D:5      | Found Gyos's Magic Scroll Boutique.
  5072 | D:5      | 5072 ||| SHOPLISTING 3 scrolls of enchant weapon (270 gold,
                  | have 212).
  5072 | D:5      | 5072 ||| BUYING scroll of enchant armour (90 gold).
  5072 | D:5      | Bought a scroll of enchant armour for 90 gold pieces
  5072 | D:5      | 5072 ||| BUYING scroll of identify (24 gold).
  5072 | D:5      | Bought a scroll of identify for 24 gold pieces
  5072 | D:5      | 5072 ||| BUYING scroll of teleportation (36 gold).
  5072 | D:5      | Bought a scroll of teleportation for 36 gold pieces
  5072 | D:5      | 5072 ||| READING scroll of enchant armour.
  5072 | D:5      | 5072 ||| ENCHANTING +0 pair of gloves.
  5192 | D:5      | Noticed Menkaure
  5193 | D:5      | 5193 ||| Stepping ~*~*~tactically~*~*~ (hiding).
  5194 | D:5      | 5194 ||| Stepping ~*~*~tactically~*~*~ (stealth).
  5200 | D:5      | 5200 ||| INVOKING Berserk.
  5203 | D:5      | Killed Menkaure
  5301 | D:5      | Found a runed translucent door.
  5301 | D:5      | Noticed Pikel
  5301 | D:5      | Noticed Crazy Yiuf
  5321 | D:5      | Reached XP level 9. HP: 78/79 MP: 8/8
  5394 | D:5      | 5394 ||| DROPPING +0 scale mail.
  5395 | D:5      | 5395 ||| UPGRADING to +0 chain mail.
  5405 | D:5      | 5405 ||| DROPPING +2 leather armour of poison resistance.
  5406 | D:5      | 5406 ||| UPGRADING to +0 buckler.
  5411 | D:5      | 5411 ||| UPGRADING to +2 buckler.
  5421 | D:5      | 5421 ||| DROPPING +0 buckler.
  5422 | D:5      | 5422 ||| READING 3 scrolls labelled XUPPEO BYHE.
  5423 | D:5      | 5423 ||| READING scroll labelled FAL LAEKITO.
  5424 | D:5      | 5424 ||| READING 4 scrolls of identify.
  5424 | D:5      | 5424 ||| IDENTIFYING lumpy silvery potion
  5425 | D:5      | 5425 ||| DROPPING potion of degeneration.
  5426 | D:5      | 5426 ||| DROPPING 2 scrolls of magic mapping.
  5528 | D:6      | Reached skill level 1 in Shields
  5597 | D:6      | 5597 ||| Stepping ~*~*~tactically~*~*~ (hiding).
  5724 | D:6      | Reached skill level 3 in Armour
  5746 | D:6      | Reached skill level 3 in Shields
  5790 | D:6      | Noticed Prince Ribbit
  5794 | D:6      | 5794 ||| INVOKING Berserk.
  5801 | D:6      | Killed Prince Ribbit
  6441 | D:6      | 6441 ||| UPGRADING to +0 cloak.
  6446 | D:6      | 6446 ||| READING 2 scrolls labelled XIOBEO DUBILI.
  6447 | D:6      | 6447 ||| DROPPING scroll of poison.
  6448 | D:6      | 6448 ||| READING 3 scrolls of teleportation.
  6537 | D:7      | 6537 ||| Stepping ~*~*~tactically~*~*~ (stealth).
  6539 | D:7      | 6539 ||| Stepping ~*~*~tactically~*~*~ (stealth).
  6544 | D:7      | Reached skill level 13 in Axes
  6550 | D:7      | 6550 ||| INVOKING Berserk.
  6591 | D:7      | 6591 ||| INVOKING Berserk.
  6761 | D:7      | Noticed qw's ghost (novice DsCA)
  6856 | D:7      | Found a runed translucent gate.
  6857 | D:7      | Found a runed translucent gate.
  6858 | D:7      | Found a runed translucent gate.
  7106 | D:7      | 7106 ||| SWAPPING to +0 war axe.
  7107 | D:7      | 7107 ||| DROPPING +2 hand axe.
  7108 | D:7      | 7108 ||| UPGRADING to +0 plate armour.
  7118 | D:7      | 7118 ||| DROPPING +0 chain mail.
  7167 | D:8      | 7167 ||| Stepping ~*~*~tactically~*~*~ (stealth).
  7169 | D:8      | 7169 ||| Stepping ~*~*~tactically~*~*~ (hiding).
  7171 | D:8      | 7171 ||| Stepping ~*~*~tactically~*~*~ (hiding).
  7179 | D:8      | 7179 ||| Stepping ~*~*~tactically~*~*~ (stealth).
  7189 | D:8      | 7189 ||| Stepping ~*~*~tactically~*~*~ (stealth).
  7191 | D:8      | 7191 ||| Stepping ~*~*~tactically~*~*~ (hiding).
  7192 | D:8      | 7192 ||| Stepping ~*~*~tactically~*~*~ (hiding).
  7196 | D:8      | 7196 ||| INVOKING Berserk.
  7198 | D:8      | Reached skill level 6 in Armour
  7287 | D:8      | 7287 ||| Stepping ~*~*~tactically~*~*~ (hiding).
  7325 | D:8      | Reached **** piety under Trog
  7328 | D:8      | 7328 ||| DROPPING +2 flail of draining.
  7346 | D:8      | 7346 ||| Stepping ~*~*~tactically~*~*~ (stealth).
  7348 | D:8      | 7348 ||| Stepping ~*~*~tactically~*~*~ (hiding).
  7351 | D:8      | 7351 ||| INVOKING Berserk.
  7357 | D:8      | Reached XP level 10. HP: 88/88 MP: 9/9
  7404 | D:8      | 7404 ||| Stepping ~*~*~tactically~*~*~ (stealth).
  7409 | D:8      | 7409 ||| INVOKING Berserk.
  7546 | D:8      | 7546 ||| Stepping ~*~*~tactically~*~*~ (stealth).
  7547 | D:8      | Noticed a death yak
  7550 | D:8      | Noticed a death yak
  7551 | D:8      | 7551 ||| INVOKING Berserk.
  7551 | D:8      | Noticed a death yak
  7555 | D:8      | Killed a death yak
  7555 | D:8      | Noticed Maggie
  7563 | D:8      | Killed a death yak
  7564 | D:8      | Reached skill level 14 in Axes
  7568 | D:8      | Killed a death yak
  7569 | D:8      | Reached skill level 15 in Axes
  7570 | D:8      | Killed Maggie
  7574 | D:8      | Reached skill level 9 in Fighting
  7576 | D:8      | Found a staircase to the Lair.
  7909 | D:8      | 7909 ||| Stepping ~*~*~tactically~*~*~ (stealth).
  7913 | D:8      | 7913 ||| INVOKING Berserk.
  8128 | D:8      | 8128 ||| INVOKING Berserk.
  8388 | D:8      | 8388 ||| PLANNING LAIR
  8388 | D:8      | 8388 ||| READING scroll labelled EPPAEZXAELA.
  8392 | Lair:1   | Entered Level 1 of the Lair of Beasts
  8408 | Lair:1   | 8408 ||| Stepping ~*~*~tactically~*~*~ (hiding).
  8486 | Lair:1   | 8486 ||| Stepping ~*~*~tactically~*~*~ (stealth).
  8491 | Lair:1   | Reached XP level 11. HP: 96/97 MP: 10/10
  8506 | Lair:1   | Reached skill level 16 in Axes
  8796 | Lair:1   | Reached skill level 6 in Shields
  8955 | Lair:1   | 8955 ||| INVOKING Berserk.
  9097 | Lair:1   | 9097 ||| Stepping ~*~*~tactically~*~*~ (stealth).
  9106 | Lair:1   | Noticed Fannar
  9112 | Lair:1   | 9112 ||| Stepping ~*~*~tactically~*~*~ (hiding).
  9113 | Lair:1   | 9113 ||| Stepping ~*~*~tactically~*~*~ (hiding).
  9132 | Lair:1   | 9132 ||| INVOKING Berserk.
  9135 | Lair:1   | Killed Fannar
  9136 | Lair:1   | Reached skill level 9 in Armour
  9423 | Lair:1   | 9423 ||| DRINKING potion of cancellation.
  9544 | Lair:1   | Found an ornate altar of the Wu Jian Council.
  9559 | Lair:1   | HP: 19/99 [centaur/arrow (9)]
  9560 | Lair:1   | 9560 ||| READING 2 scrolls of teleportation.
  9561 | Lair:1   | 9561 ||| DRINKING 5 potions of heal wounds.
  9564 | Lair:1   | 9564 ||| INVOKING Berserk.
  9906 | Lair:1   | 9906 ||| Stepping ~*~*~tactically~*~*~ (hiding).
  9916 | Lair:1   | Reached skill level 3 in Throwing
 10056 | Lair:1   | 10056 ||| Stepping ~*~*~tactically~*~*~ (hiding).
 10058 | Lair:1   | 10058 ||| Stepping ~*~*~tactically~*~*~ (hiding).
 10066 | Lair:1   | 10066 ||| Stepping ~*~*~tactically~*~*~ (hiding).
 10100 | Lair:1   | HP: 23/99 [centaur/arrow (4)]
 10101 | Lair:1   | 10101 ||| READING scroll of teleportation.
 10102 | Lair:1   | 10102 ||| DRINKING 5 potions of heal wounds.
 10409 | Lair:1   | HP: 21/99 [centaur/arrow (4)]
 10410 | Lair:1   | 10410 ||| DRINKING 4 potions of heal wounds.
 10420 | Lair:1   | HP: 22/99 [centaur/arrow (4)]
 10421 | Lair:1   | 10421 ||| DRINKING 3 potions of heal wounds.
 10427 | Lair:1   | HP: 24/99 [centaur/arrow (9)]
 10428 | Lair:1   | 10428 ||| DRINKING 2 potions of heal wounds.
 10441 | Lair:1   | HP: 24/99 [centaur/arrow (2)]
 10442 | Lair:1   | 10442 ||| DRINKING potion of heal wounds.
 10461 | Lair:1   | HP: 22/99 [centaur/arrow (9)]
 10467 | Lair:1   | HP: 14/99 [centaur/arrow (6)]
 10473 | Lair:1   | HP: 5/99 [centaur/arrow (5)]
 10479 | Lair:1   | HP: 4/99 [centaur/arrow (2)]
 10480 | Lair:1   | HP: 1/99 [centaur/arrow (4)]
 10487 | Lair:1   | Shot with an arrow by a centaur

Levels and vault maps discovered:
D:1:      heliophobic_arrival_dark_side_of_the_moon, layout_loops_ring,
          dreamdust_ecumenical_altar_statues
D:2:      layout_rooms, serial_shops, nicolae_shop_advertising_works
          [nicolae_subvault_shop_adworks]
D:3:      layout_rooms, serial_shops, nicolae_shop_stone, minivault_23,
          uniq_natasha, uniq_terence, uniq_ijyb
D:4:      layout_loops_corners, serial_shops, nicolae_lakefront_shop,
          ebering_ghost_reflecting_pool, uniq_duvessa, uniq_edmund
D:5:      layout_loops_cross, minmay_temple_entry_drinking_statues,
          serial_shops, shop, minmay_quadrilaterals, uniq_eustachio,
          uniq_crazy_yiuf_cottage, uniq_pikel, uniq_menkaure
D:6:      layout_layer_cave, uniq_prince_ribbit1
D:7:      layout_rooms, gammafunk_ghost_icy
D:8:      layout_cave_pools, dpeg_lair_monsters, uniq_maggie
Lair:1:   layout_regular_city, lemuel_centaur_altar, uniq_fannar

Skill      XL: |  1  2  3  4  5  6  7  8  9 10 11 |
---------------+----------------------------------+-----
Axes           | 4 5 7 9 10 12 13 15 16 | 16.0
Fighting       | 4 6 7 8 9 10 | 10.0
Throwing       | 1 2 3 |  3.0
Dodging        | 3 |  3.3
Shields        | 4 5 6 |  6.5
Armour         | 7 8 9 |  9.1

Action                   |  1- 3 |  4- 6 |  7- 9 | 10-12 || total
-------------------------+-------+-------+-------+-------++-------
Melee: Hand axe          |    77 |    64 |   210 |       ||   351
       Headbutt          |    11 |    13 |    38 |    50 ||   112
       Punch             |       |       |     1 |       ||     1
       War axe           |       |       |    29 |   195 ||   224
Throw: Boomerang         |       |       |    67 |    24 ||    91
Invok: Berserk           |     2 |     4 |    11 |     7 ||    24
  Use: Scroll            |     5 |     5 |     9 |     3 ||    22
       Potion            |     1 |     1 |     1 |     7 ||    10
 Stab: Distracted        |       |       |     1 |       ||     1
Armor: Animal skin       |     4 |       |       |       ||     4
       Leather armour    |    12 |       |    19 |       ||    31
       Scale mail        |     1 |     9 |     2 |       ||    12
       Chain mail        |       |       |    19 |       ||    19
       Plate armour      |       |       |    12 |   148 ||   160
Dodge: Dodged            |    27 |    18 |    82 |   106 ||   233
Block: Buckler           |       |       |    18 |   112 ||   130

Table legend:
 A = Non-vault XP
 B = Vault XP
 C = Vault XP percentage of total XP
 D = Non-vault monster count
 E = Vault monster count
 F = Vault count percentage of total count
                 A         B        C        D         E       F
            +---------+---------+-------+---------+---------+-------
      Total |   11052 |    5415 |  32.9 |     193 |      23 |  10.6
            +---------+---------+-------+---------+---------+-------
        D:1 |      32 |       0 |   0.0 |      18 |       0 |   0.0
        D:2 |      59 |       0 |   0.0 |      19 |       0 |   0.0
        D:3 |      50 |     103 |  67.3 |      17 |       3 |  15.0
        D:4 |     379 |     376 |  49.8 |      16 |       3 |  15.8
        D:5 |    1228 |     639 |  34.2 |      25 |       5 |  16.7
        D:6 |     787 |     264 |  25.1 |      13 |       1 |   7.1
        D:7 |     834 |       0 |   0.0 |      10 |       0 |   0.0
        D:8 |    2818 |    2798 |  49.8 |      45 |       7 |  13.5
     Lair:1 |    4865 |    1235 |  20.2 |      30 |       4 |  11.8
            +---------+---------+-------+---------+---------+-------
